 Dungeon Crawl Stone Soup version 0.21.1-1-g345015fe64 (webtiles) character file.

196 Gargoyl the Skirmisher (level 5, 0/45 HPs)
             Began as a Centaur Abyssal Knight on Apr 5, 2018.
             Was a Believer of Lugonu.
             Slain by an orc
             ... wielding a +0 trident
              (2 damage)
             ... on level 3 of the Dungeon.
             The game lasted 00:04:00 (2655 turns).

Gargoyl the Skirmisher (Centaur Abyssal Knight)     Turns: 2655, Time: 00:04:01

Health: 0/45       AC:  7    Str: 20    XL:     5   Next: 45%
Magic:  7/7        EV:  5    Int: 11    God:    Lugonu [**....]
Gold:   83         SH:  3    Dex:  9    Spells: 4/4 levels left

rFire    . . .     SeeInvis .   a - +2 hand axe
rCold    . . .     Gourm    .   l - +0 buckler
rNeg     . . .     Faith    .   d - +0 chain mail
rPois    .         Spirit   .   (no helmet)
rElec    .         Reflect  .   (no cloak)
rCorr    .         Harm     .   (no gloves)
MR       .....     Rnd*Tele +   (no barding)
Stlth    ..........             (no amulet)
HPRegen  0.15/turn              f - ring of teleportation (curse)
MPRegen  0.10/turn              (no ring)

@: mighty, very quick
A: large, hooves 3, deformed body, speed 2, tough skin 3
a: Depart the Abyss, Bend Space, Renounce Religion


You were on level 3 of the Dungeon.
You worshipped Lugonu.
Lugonu was pleased with you.
You were not hungry.

You visited 1 branch of the dungeon, and saw 3 of its levels.
You visited the Abyss 1 time.

You collected 83 gold pieces.

Inventory:

Hand Weapons
 a - a +2 hand axe (weapon)
Armour
 d - a +0 chain mail (worn)
 l - a +0 buckler (worn)
Jewellery
 f - a cursed ring of teleportation (left hand)
Scrolls
 b - 3 scrolls of identify
 g - a scroll of amnesia
 k - a scroll of enchant armour {unknown}
 n - a scroll of blinking
Potions
 e - 2 potions of curing {unknown}
 h - a potion of might
 i - a potion of agility
 m - a potion of lignification {unknown}
 o - a potion of brilliance {unknown}
Comestibles
 c - 8 rations


   Skills:
 + Level 3.6 Fighting
 + Level 3.0 Axes
 * Level 2.6 Armour
 + Level 0.9 Dodging
 + Level 0.2 Shields
 * Level 3.5 Invocations


You had 4 spell levels left.
You didn't know any spells.

Dungeon Overview and Level Annotations

Branches:
Dungeon (3/15)

Altars:
Elyvilon
Makhleb
Qazlal
Ru
Wu Jian


Innate Abilities, Weirdness & Mutations

You have hooves in place of feet.
Armour fits poorly on your strangely shaped body.
You cover ground very quickly.
You have extremely tough skin. (AC +3)


Message History

You hit something. Lugonu accepts your kill.
Reactivating autopickup.
Your Axes skill increases to level 3!
You feel a bit more experienced.
The orc hits you from afar with a trident.
* * * LOW HITPOINT WARNING * * *
The orc hits you but does no damage.
Things that are here:
a dagger; a robe; an orc corpse You closely miss the orc.
Your kick misses the orc.
The orc hits you from afar with a trident.
* * * LOW HITPOINT WARNING * * *
The orc hits you with a trident.
* * * LOW HITPOINT WARNING * * *
You completely miss the orc.
You kill the orc!
Lugonu accepts your kill.
The orc hits you from afar with a trident.
You die...

###.####..# #.#
......###.# #.#.#
###.#.# #.## #.#.# #.#.#
#..# #.#.# #.# #
##.###.#.# ##########
#.# #..##.#o. #........#
#.# ##.##.#o# ##.#####.#
#.# ####.##.#)#
#.#<..#.# #.#
#.......#@# #....##.#
#.# #.##..###.#
#######.### #.#
#.###.###.# #.........
#.#.##.# #..##.#
###.###..... #.#..).#
##n##.# #....##.....
#.###### #..#.#
#.#####..... #.#
##.#.#####.# #.....
###.##########.........#
#.....
............#....#######
#.....


You could see 2 orcs.

Vanquished Creatures
  A necrophage (D:3)
  An orc wizard (D:3)
  An adder (D:2)
  An ooze (D:2)
  2 worms (D:2)
  4 dart slugs
  A leopard gecko (D:1)
  An orc (D:3)
  3 giant cockroaches
  4 goblins
  6 hobgoblins
  8 jackals (D:1)
  A quokka (D:2)
  6 bats
  4 frilled lizards
  7 kobolds
  5 rats (D:2)
56 creatures vanquished.

Notes
Turn   | Place    | Note
-------+----------+-------------------------------------------
     0 | Abyss:1  | Gargoyl the Centaur Abyssal Knight began the quest for the Orb.
     0 | Abyss:1  | Reached XP level 1. HP: 19/19 MP: 2/2
    54 | Abyss:1  | Noticed a raiju
    55 | D:1      | Escaped the Abyss
   125 | D:1      | Reached * piety under Lugonu
   377 | D:1      | Reached XP level 2. HP: 12/26 MP: 3/3
   763 | D:1      | Reached XP level 3. HP: 27/31 MP: 4/4
  1112 | D:2      | Found a sacrificial altar of Ru.
  1115 | D:2      | Found a white marble altar of Elyvilon.
  1117 | D:2      | Found a stormy altar of Qazlal.
  1117 | D:2      | Found a burning altar of Makhleb.
  1162 | D:2      | Reached ** piety under Lugonu
  1433 | D:2      | Reached XP level 4. HP: 36/38 MP: 6/6
  2115 | D:3      | Found an ornate altar of the Wu Jian Council.
  2231 | D:3      | Noticed a necrophage
  2512 | D:3      | Killed a necrophage
  2512 | D:3      | Reached XP level 5. HP: 30/43 MP: 7/7
  2649 | D:3      | HP: 1/43 [orc/trident (7)]
  2654 | D:3      | HP: 2/45 [orc/trident (6)]
  2655 | D:3      | Slain by an orc

Skill      XL: |  1  2  3  4  5 |
---------------+----------------+-----
Axes           | 2 3 |  3.0
Armour         | 2 |  2.6
Invocations    | 3 |  3.5
Fighting       | |  3.6
Dodging        | |  0.9
Shields        | |  0.2

Action                   |  1- 3 |  4- 6 || total
-------------------------+-------+-------++-------
Melee: Hand axe          |   102 |    60 ||   162
       Kick              |    26 |    13 ||    39
Invok: Depart the Abyss  |     1 |       ||     1
  Use: Scroll            |     4 |     1 ||     5
       Potion            |     2 |     2 ||     4
  Eat: Chunk             |     1 |     1 ||     2
       Ration            |       |     1 ||     1
Armor: Chain mail        |   116 |    53 ||   169
Dodge: Dodged            |    23 |    12 ||    35
Block: Buckler           |     8 |     3 ||    11
